 Dungeon Crawl Stone Soup version 0.29.1-1-gd02db6906a (webtiles) character file.

Game seed: 13417163341843654231

422 inmateoo the Twirler (level 6, -1/53 HPs)
             Began as a Minotaur Gladiator on Sept 30, 2022.
             Succumbed to a scorpion's poison
             ... on level 4 of the Dungeon.
             The game lasted 00:03:07 (3523 turns).

inmateoo the Twirler (Minotaur Gladiator)           Turns: 3523, Time: 00:03:08

Health: -1/53      AC:  4    Str: 15 (18) XL:     6   Next: 63%
Magic:  5/5        EV: 13    Int:  3 (5)  God:
Gold:   164        SH:  0    Dex: 11 (14) Spells: 5/5 levels left

rFire   . . .      SeeInvis .   i - +4 quarterstaff (chaos)
rCold   . . .      Faith    .   (shield currently unavailable)
rNeg    . . .      Spirit   .   b - +0 leather armour
rPois   +          Reflect  .   c - +0 hat
rElec   .          Harm     .   r - +0 cloak {Will+}
rCorr   .          Rampage  .   (no gloves)
Will    +....                   (no boots)
Stlth   ++........              (no amulet)
HPRegen 0.17/turn               (no ring)
MPRegen 0.09/turn               (no ring)

@: mighty, brilliant, lethally poisoned (-1 -> -6), flying
A: horns 2, retaliatory headbutt, poison resistance, noise suppression
a: no special abilities


You were on level 4 of the Dungeon.
You visited 1 branch of the dungeon, and saw 4 of its levels.

You collected 214 gold pieces.
You spent 50 gold pieces at shops.

Inventory:

Hand Weapons
 i - a +4 quarterstaff of chaos (weapon)
Missiles
 d - 3 throwing nets (quivered)
 e - a javelin
Armour
 b - a +0 leather armour (worn)
 c - a +0 hat (worn)
 r - a +0 cloak of willpower (worn)
Jewellery
 g - a +4 ring of protection
 k - a +6 ring of strength
 l - a ring of positive energy
Wands
 s - a wand of roots (7)
Scrolls
 a - a scroll of silence {unknown}
 f - a scroll of enchant weapon {unknown}
 m - a scroll of blinking {unknown}
 q - 3 scrolls of identify {unknown}
 u - 2 scrolls of poison {unknown}
 v - a scroll of fog {unknown}
 w - a scroll of magic mapping {unknown}
 x - 2 scrolls of teleportation {unknown}
Potions
 j - a potion of degeneration
 n - a potion of flight
 o - 2 potions of mutation
 p - a potion of brilliance
 t - a potion of resistance {unknown}
 z - a potion of magic {unknown}


   Skills:
 + Level 4.4 Fighting
 * Level 6.3 Staves
 - Level 2.0 Throwing
 + Level 4.7 Dodging
 + Level 2.5 Stealth


You had 5 spell levels left.
You didn't know any spells.
Your spell library contained the following spells:

 Spells                   Type           Power      Damage    Failure   Level
 Foxfire                  Conj/Fire      0%         2x1d4     58%         1
 Necrotise                Necr           0%         1d4       58%         1
 Summon Small Mammal      Summ           0%         N/A       58%         1
 Call Canine Familiar     Summ           0%         N/A       92%         3
 Conjure Flame            Conj/Fire      0%         6-21      92%         3
 Inner Flame              Hex/Fire       0%         N/A       92%         3
 Summon Guardian Golem    Hex/Summ       0%         N/A       92%         3
 Vampiric Draining        Necr           0%         2d6       92%         3
 Flame Wave               Conj/Fire      0%         2d4       100%        4
 Agony                    Necr           0%         N/A       100%        5


Dungeon Overview and Level Annotations

Branches:
Dungeon (4/15)
 Temple: D:4-7

Altars:

Shops:
D:1 !   D:2 ?


Innate Abilities, Weirdness & Mutations

You have a pair of horns on your head.
You reflexively headbutt those who attack you in melee.
Your system is resistant to poisons. (rPois)
You passively dampen the noise of your surroundings.


Message History

Something stings you.
You closely miss something.
You feel very sick. Something stings you.
You completely miss something. Your headbutt misses something.
You feel very sick.
Something stings you but does no damage.
You hit something. You burn something.
You feel sick. Something stings you.
You miss something.
You feel sick. Something stings you.
* * * LOW HITPOINT WARNING * * *
You are lethally poisoned!
Something poisons you!
You hit something.
Reactivating autopickup.
You feel a bit more experienced.
* * * LOW HITPOINT WARNING * * *
You feel very sick.
It was a potion of mutation.
You feel extremely strange.
You feel resistant to poisons.
You feel your surroundings grow quieter.
* * * LOW HITPOINT WARNING * * *
You feel very sick.
Unknown command.
It was a potion of brilliance.
You feel clever all of a sudden.
* * * LOW HITPOINT WARNING * * *
You feel very sick.
It was a potion of degeneration.
There was something very wrong with that liquid.
You feel weakened.
You feel dopey.
You feel clumsy.
* * * LOW HITPOINT WARNING * * *
You feel sick.
It was a potion of flight.
You feel very buoyant.
You fly up into the air.
* * * LOW HITPOINT WARNING * * *
You feel sick.
It was a potion of might.
You feel very mighty all of a sudden.
You die...

#.# #.# #.# ..#
### #########
#........
############
#.#######
......†@...#####.#
##########^...†..#
#########


There were no monsters in sight!

Vanquished Creatures
  A black bear (D:4)
  An ogre (D:4)
  A scorpion (D:4)
  An orc priest (D:3)
  A hound (D:4)
  Crazy Yiuf (D:2)
  Terence (D:3)
  2 adders
  3 dart slugs
  3 orcs (D:3)
  9 ball pythons
  5 bats
  5 endoplasms
  5 giant cockroaches
  3 hobgoblins
  2 jackals (D:1)
  3 quokkas
  4 frilled lizards
  5 goblins
  5 kobolds
  4 rats
65 creatures vanquished.

Notes
Turn   | Place    | Note
-------+----------+-------------------------------------------
     0 | D:1      | inmateoo the Minotaur Gladiator began the quest for the
                  | Orb.
     0 | D:1      | Reached XP level 1. HP: 18/18 MP: 0/0
    64 | D:1      | Found a faded altar of an unknown god.
    95 | D:1      | Reached XP level 2. HP: 17/25 MP: 1/1
   301 | D:1      | Reached skill level 4 in Staves
   487 | D:1      | Found Feucote's Distillery.
   493 | D:1      | Bought a potion of berserk rage for 50 gold pieces
   972 | D:2      | Reached XP level 3. HP: 11/30 MP: 2/2
   985 | D:2      | Reached skill level 1 in Stealth
  1286 | D:2      | Found a runed translucent door.
  1287 | D:2      | Noticed Crazy Yiuf
  1509 | D:2      | Found Dokhukhyt's Magic Scroll Emporium.
  1913 | D:2      | Killed Crazy Yiuf
  1914 | D:2      | Reached XP level 4. HP: 38/38 MP: 3/3
  2351 | D:3      | Reached skill level 5 in Staves
  2578 | D:3      | Noticed Terence
  2584 | D:3      | Killed Terence
  2585 | D:3      | Reached XP level 5. HP: 18/45 MP: 4/4
  3215 | D:4      | Noticed an ogre
  3223 | D:4      | Killed an ogre
  3229 | D:4      | Noticed a black bear
  3240 | D:4      | Killed a black bear
  3241 | D:4      | Reached skill level 6 in Staves
  3241 | D:4      | Reached XP level 6. HP: 23/52 MP: 5/5
  3519 | D:4      | Gained mutation: Your system is resistant to poisons.
                  | (rPois) [potion of mutation]
  3519 | D:4      | Gained mutation: You passively dampen the noise of your
                  | surroundings. [potion of mutation]
  3521 | D:4      | HP: 2/53 [poisoned by a scorpion]
  3523 | D:4      | Succumbed to a scorpion's poison

Illustrated notes

Levels and vault maps discovered:
D:1:      dpeg_arrival_triangle_fractal, layout_loops_cross, serial_shops, shop,
          shapermc_ecumenical_altar_acropolis, nicolae_figureground_sparkle
D:2:      layout_loops_corners, serial_shops, nicolae_diamond_shop,
          uniq_crazy_yiuf_cottage
D:3:      layout_loops_corners, corexii_corridor_pit, uniq_terence
D:4:      layout_loops_ring, minmay_misc_feat_chi

Skill      XL: |  1  2  3  4  5 |
---------------+----------------+-----
Staves         | 4 5 6 |  6.3
Stealth        | 1 2 |  2.5
Fighting       | 3 4 |  4.4
Dodging        | 4 |  4.7
Throwing       | |  2.0

Action                   |  1- 3 |  4- 6 || total
-------------------------+-------+-------++-------
Melee: Quarterstaff      |    74 |    60 ||   134
       Headbutt          |    10 |     7 ||    17
Evoke: Wand              |       |     1 ||     1
  Use: Potion            |     1 |     5 ||     6
 Stab: Distracted        |     1 |       ||     1
       Sleeping          |       |     1 ||     1
Armor: Leather armour    |    16 |     4 ||    20
Dodge: Dodged            |    46 |    38 ||    84
